 Dungeon Crawl Stone Soup version 0.16-a0-4060-g00983b4 (webtiles) character file.

130 Psiweapon the Bolt Thrower (level 5, 0/30 HPs)
             Began as a Kobold Hunter on Feb 21, 2015.
             Slain by Grinder (7 damage)
             ... on level 4 of the Dungeon.
             The game lasted 00:16:31 (2259 turns).

Psiweapon the Bolt Thrower (Kobold Hunter)          Turns: 2259, Time: 00:16:32

Health: 0/30       AC:  4    Str: 16    XL:     5   Next: 36%
Magic:  5/5        EV: 15    Int:  9    God:
Gold:   110        SH:  0    Dex: 17    Spells: 0 memorised, 4 levels left

rFire  . . .     SeeInvis .     g - +0 short sword of Miarch {freeze, +Inv} (curse)
rCold  . . .     Clarity  .     d - +0 leather armour
rNeg   . . .     SustAb   .     (no shield)
rPois  .         Gourm    .     (no helmet)
rElec  .         Spirit   .     (no cloak)
rCorr  .         Warding  .     B - +0 pair of gloves (curse)
rMut   .         Stasis   .     (no boots)
MR     .....                    (no amulet)
Stlth  +++.......               (no ring)
                                (no ring)

@: mighty, very slightly contaminated, not resistant to hostile enchantments,
fairly stealthy
A: carnivore 3
a: Evoke Invisibility


You were on level 4 of the Dungeon.
You were very full.

You visited 1 branch of the dungeon, and saw 4 of its levels.

You collected 110 gold pieces.

Inventory:

Hand weapons
 a - a +0 short sword
 b - a +1 hand crossbow
 g - the cursed +0 short sword of Miarch (weapon) {freeze, +Inv}
   (You found it on level 4 of the Dungeon)

   It has been specially enchanted to freeze those struck by it, causing extra
   injury to most foes and up to half again as much damage against particularly
   susceptible opponents.
   It can also slow down cold-blooded creatures.
   It lets you turn invisible.
   It has a curse placed upon it.
 z - a +4 dagger
 D - the +7 whip "Puph" {holy, *Rage rN+ Int+4 Dex+3, unknown}
   (You found it on level 4 of the Dungeon)

   It has been blessed by the Shining One to cause great damage to the undead
   and demons.
   It affects your intelligence (+4).
   It affects your dexterity (+3).
   It protects you from negative energy.
   It may make you go berserk in combat.
Missiles
 c - 15 bolts
 e - 22 stones (quivered)
 n - a throwing net
 A - 12 poisoned needles
Armour
 d - a +0 leather armour (worn)
 o - a +0 buckler
 y - a +0 scale mail
 B - a cursed +0 pair of gloves (worn)
Jewellery
 q - an uncursed ring of fire
Magical devices
 w - a wand of enslavement (9)
Scrolls
 r - a scroll of amnesia
 t - a scroll of identify
 v - a scroll of noise
Potions
 i - a potion of brilliance {unknown}
 j - a potion of resistance {unknown}
 k - a potion of beneficial mutation {unknown}
 m - a potion of degeneration {unknown}
 p - a potion of agility {unknown}
 s - a potion of lignification {unknown}
 u - a potion of curing {unknown}
 C - a potion of might
Comestibles
 f - 2 meat rations
 l - a slice of pizza


   Skills:
 - Level 2.1 Fighting
 + Level 0.3 Short Blades
 - Level 6.4 Crossbows
 - Level 2.4 Dodging
 - Level 4.5 Stealth
 + Level 0.0 Evocations


You had 4 spell levels left.
You didn't know any spells.

Dungeon Overview and Level Annotations

Branches:
Dungeon (4/15)
 Temple: D:4-7

Altars:
Zin

Annotations:
D:3 1 runed door, kusayu's ghost, average DsVM
D:4 Duvessa; Grinder; Robin


Innate Abilities, Weirdness & Mutations

You are small and have problems with some larger weapons.
You are carnivorous and can eat meat at any time.


Message History

Evoke which item? (* to show all) (? for menu, Esc to quit)
Okay, then.
Drink which item? (? for menu, Esc to quit)
It was a potion of might.
You feel very mighty all of a sudden.
Found an escape hatch in the floor.
The hobgoblin hits you with a club.
* * * LOW HITPOINT WARNING * * *
You puncture the hobgoblin! You freeze the hobgoblin.
You kill the hobgoblin!
You now have 110 gold pieces (gained 13).
A goblin and Grinder come into view.
Grinder shouts!
Grinder gestures at you.
You suddenly lose the ability to move!
A phantom comes into view.
You can move again.
You completely miss Grinder. Grinder closely misses you.
You closely miss Grinder. Grinder hits you!
You die...

# #.. ... #.# #.. #.# .
#.. #.# ...##.. #.#
.....######.###
#.........)..#####
.#####W5.............#
........@......[...>..g
.###.#.##.######.#####
#. #.# .# #.## # #.# #
#.#. #.# #.#. #.# #.#.
#.# #.#. ..# #.#. ###
#.#.


You could see Grinder and a phantom.

Vanquished Creatures
  4 adders
  3 gnolls (D:2)
  2 worms (D:2)
  An ooze (D:2)
  An orc (D:4)
  3 giant cockroaches
  6 goblins (D:1)
  9 hobgoblins
  2 bats
  3 giant geckos
  5 giant newts
  8 kobolds
  5 rats
52 creatures vanquished.

Notes
Turn   | Place    | Note
--------------------------------------------------------------
     0 | D:1      | Psiweapon, the Kobold Hunter, began the quest for the Orb.
     0 | D:1      | Reached XP level 1. HP: 12/12 MP: 1/1
   133 | D:1      | Reached skill level 5 in Crossbows
   202 | D:1      | Reached XP level 2. HP: 17/17 MP: 2/2
   854 | D:2      | Reached XP level 3. HP: 21/21 MP: 3/3
   964 | D:2      | Reached XP level 4. HP: 21/26 MP: 4/4
  1416 | D:2      | Reached skill level 6 in Crossbows
  1597 | D:2      | Reached XP level 5. HP: 25/30 MP: 5/5
  1694 | D:3      | Found a glowing silver altar of Zin.
  1694 | D:3      | Noticed an angel
  1695 | D:3      | Found a runed door.
  2097 | D:3      | Noticed kusayu's ghost (average DsVM)
  2170 | D:4      | Got an ancient short sword
  2171 | D:4      | Identified the cursed +0 short sword of Miarch {freeze, +Inv} (You found it on level 4 of the Dungeon)
  2186 | D:4      | Got an encrusted whip
  2227 | D:4      | Noticed Robin
  2237 | D:4      | Noticed Duvessa
  2253 | D:4      | Noticed Grinder
  2255 | D:4      | Paralysed by Grinder for 3 turns
  2256 | D:4      | Noticed a phantom
  2259 | D:4      | Slain by Grinder

Action                   |  1- 3 |  4- 6 || total
-------------------------+-------+-------++-------
Melee: Short sword       |    47 |    57 ||   104
 Fire: Hand crossbow     |    21 |    27 ||    48
Throw: Throwing net      |       |     2 ||     2
 Abil: Evoke Invisibilit |       |     1 ||     1
  Use: Scroll            |       |     6 ||     6
       Potion            |       |     1 ||     1
 Stab: Sleeping          |       |     7 ||     7
       Held in net/web   |       |     2 ||     2
       Distracted        |       |     1 ||     1
  Eat: Chunk             |     5 |     6 ||    11
